 Dungeon Crawl Stone Soup version 0.29.0-11-gd7f09526c8 (webtiles) character file.

Game seed: 3129208516570452759

4067 SensoryNuts the Basher (level 10, -5/94 HPs)
             Began as a Troll Fighter on Sept 3, 2022.
             Slain by a spriggan
             ... wielding a +0 trident
              (25 damage)
             ... in a bailey.
             The game lasted 00:08:52 (6034 turns).

SensoryNuts the Basher (Troll Fighter)              Turns: 6034, Time: 00:08:53

Health: -5/94      AC:  6    Str: 30    XL:     10   Next: 5%
Magic:  13/13      EV: 18    Int:  4    God:
Gold:   299        SH:  0    Dex:  9    Spells: 15/15 levels left

rFire   . . .      SeeInvis .   k - +0 giant club (venom)
rCold   . . .      Faith    .   (shield currently unavailable)
rNeg    . . .      Spirit   .   b - +2 robe
rPois   .          Reflect  .   (helmet restricted)
rElec   .          Harm     .   (no cloak)
rCorr   .          Rampage  .   (gloves unavailable)
Will    .....                   (boots unavailable)
Stlth   ..........              (no amulet)
HPRegen 1.05/turn               h - +4 ring of evasion
MPRegen 0.13/turn               u - +4 ring of evasion

@: silenced
A: large, unfitting armour, claws 3, regeneration 1, shaggy fur 1, tough skin 1
a: no special abilities


You were in a bailey.
You visited 1 branch of the dungeon, and saw 7 of its levels.
You also visited: Bailey.

You collected 299 gold pieces.

Inventory:

Hand Weapons
 a - a +1 flail of protection
 k - a +0 giant club of venom (weapon)
Armour
 b - a +2 robe (worn)
Jewellery
 g - a ring of fire
 h - a +4 ring of evasion (left claw)
 m - a ring of protection from cold
 s - a ring of positive energy
 u - a +4 ring of evasion (right claw)
Wands
 j - a wand of paralysis (9)
Scrolls
 i - a scroll of immolation
 l - a scroll of silence
 o - a scroll of fog
 q - 3 scrolls of identify
 r - 3 scrolls of enchant armour
 w - a scroll of blinking
 x - a scroll of magic mapping
Potions
 c - a potion of mutation
 d - 3 potions of degeneration
 e - a potion of attraction
 n - 3 potions of lignification
 p - 2 potions of cancellation
 t - a potion of brilliance
 v - a potion of resistance


   Skills:
 + Level 4.7 Fighting
 * Level 10.9 Maces & Flails
 + Level 4.2 Dodging
 + Level 1.2 Stealth
 - Level 2.8 Shields
 * Level 3.0 Spellcasting


You had 15 spell levels left.
You didn't know any spells.
Your spell library contained the following spells:

 Spells                   Type           Power      Damage    Failure   Level
 Sting                    Tmut/Pois      0%         1d3       38%         1
 Poisonous Vapours        Pois/Air       0%         N/A       54%         2
 Dazzling Flash           Conj/Hex       0%         N/A       77%         3
 Portal Projectile        Hex/Tloc       0%         N/A       77%         3
 Tukima's Dance           Hex            0%         N/A       77%         3
 Olgreb's Toxic Radiance  Pois           0%         N/A       99%         4
 Agony                    Necr           0%         N/A       100%        5
 Blade Hands              Tmut           0%         N/A       100%        5
 Silence                  Hex/Air        0%         N/A       100%        5


Dungeon Overview and Level Annotations

Branches:
Dungeon (7/15)             Bailey (1/1)
 Temple: D:4-7

Altars:
Ashenzari
Elyvilon
Fedhas
Ru
Trog
Uskayaw

Shops:
D:5 (


Innate Abilities, Weirdness & Mutations

You are too large for most types of armour.
You have claws for hands.
Your natural rate of healing is unusually fast.
You are covered in fur. (AC +1)
You have tough skin. (AC +1)


Message History

You have reached level 10!
A spriggan comes into view.
It is wielding a +0 trident and wearing the +6 swamp dragon scales "Seedeun" {Contam rElec rPois Will+ rCorr}.
A spriggan is nearby!
A spriggan is nearby!
A spriggan is nearby!
The spriggan shouts!
You hear a shout! x2
Things that are here:
a +0 halberd; a +0 halberd The spriggan hits you with a +0 trident!
You barely miss the spriggan.
The spriggan drinks a potion.
The spriggan seems to grow stronger.
A spriggan comes into view.
It is wielding a +0 trident and wearing the +4 acid dragon scales of Nice Surprise {rElec rC+ rCorr Str+2}.
You miss the spriggan. The spriggan misses you.
You closely miss the spriggan. The spriggan barely misses you.
You miss the spriggan. The spriggan closely misses you.
The spriggan barely misses you.
You miss the spriggan. The spriggan closely misses you.
The spriggan hits you with a +0 trident!
You barely miss the spriggan. The spriggan barely misses you.
The spriggan hits you with a +0 trident!!
* * * LOW HITPOINT WARNING * * *
You are too injured to fight recklessly!
You are too injured to fight recklessly!
You are too injured to fight recklessly!
You are too injured to fight recklessly!
You are too injured to fight recklessly!
You are too injured to fight recklessly!
As you read the scroll of silence, it crumbles to dust.
A profound silence engulfs you. The spriggan closely misses you.
The spriggan misses you.
You miss the spriggan.
The spriggan hits you from afar with a +0 trident!
* * * LOW HITPOINT WARNING * * *
The spriggan misses you.
You hit the spriggan but do no damage.
The spriggan is poisoned.
The spriggan hits you from afar with a +0 trident.
* * * LOW HITPOINT WARNING * * *
The spriggan barely misses you.
The spriggan hits you with a +0 trident!!
You die...

#########
##....i..##
###
##.)..)@.i.#
#.##
##..######♣..#
...## ##..##
.# ....#
##.)##
....###.)#♣
.∩..~~~..♣
....~~~.)#
....~~~.)#
.)).~~~).#


You could see 2 spriggans.

Vanquished Creatures
  A two-headed ogre (Bailey)
  Sigmund (D:6)
  4 yaks (D:5)
  2 spriggans (Bailey)
  An orc warrior (D:6)
  A sky beast (D:6)
  An ice beast (D:4)
  A black bear (D:6)
  9 ogres
  A phantom (D:5)
  A bullfrog (D:4)
  A necrophage (D:5)
  4 scorpions
  4 wights (D:7)
  2 howler monkeys (D:7)
  3 hounds
  4 orc priests
  7 iguanas
  3 orc wizards
  5 adders
  7 gnolls
  A white imp (D:3)
  A worm (D:5)
  A dart slug (D:4)
  10 orcs
  5 bats
  5 endoplasms
  5 giant cockroaches
  8 goblins
  5 hobgoblins
  8 kobolds
  5 quokkas
  6 ball pythons
  4 frilled lizards
  6 rats
133 creatures vanquished.

Vanquished Creatures (others)
  6 fungi (D:2)
  A plant (D:4)
7 creatures vanquished.

Grand Total: 140 creatures vanquished

Notes
Turn   | Place    | Note
-------+----------+-------------------------------------------
     0 | D:1      | SensoryNuts the Troll Fighter began the quest for the Orb.
     0 | D:1      | Reached XP level 1. HP: 22/22 MP: 0/0
   168 | D:1      | Reached skill level 2 in Maces & Flails
   213 | D:1      | Reached XP level 2. HP: 28/29 MP: 1/1
  1136 | D:2      | Reached XP level 3. HP: 36/36 MP: 2/2
  1705 | D:3      | Reached skill level 3 in Maces & Flails
  1850 | D:3      | Reached XP level 4. HP: 44/44 MP: 3/3
  1958 | D:3      | Found a bloodstained altar of Trog.
  1958 | D:3      | Found a white marble altar of Elyvilon.
  1959 | D:3      | Found a broken altar of Ashenzari.
  1960 | D:3      | Found a blossoming altar of Fedhas.
  2113 | D:3      | Found a faded altar of an unknown god.
  2202 | D:3      | Identified the +3 whip of Debt {pain, Dex+3}
  2610 | D:4      | Noticed an ice beast
  2629 | D:4      | Killed an ice beast
  2630 | D:4      | Reached skill level 4 in Maces & Flails
  2630 | D:4      | Reached XP level 5. HP: 47/52 MP: 3/5
  2755 | D:4      | Found a sacrificial altar of Ru.
  2755 | D:4      | Found a hide-covered altar of Uskayaw.
  2817 | D:4      | Reached XP level 6. HP: 54/61 MP: 6/6
  3413 | D:5      | Entered Level 5 of the Dungeon
  3485 | D:5      | Reached skill level 1 in Spellcasting
  3627 | D:5      | Noticed a yak
  3628 | D:5      | Noticed a yak
  3630 | D:5      | Noticed a yak
  3631 | D:5      | Noticed a yak
  3635 | D:5      | Killed a yak
  3636 | D:5      | Reached skill level 5 in Maces & Flails
  3644 | D:5      | Killed a yak
  3645 | D:5      | Reached XP level 7. HP: 67/67 MP: 7/7
  3647 | D:5      | Killed a yak
  3648 | D:5      | Reached skill level 6 in Maces & Flails
  3654 | D:5      | Killed a yak
  3778 | D:5      | Identified the +9 quarterstaff "Tifaif" {antimagic, Dex+2}
  3808 | D:5      | Reached XP level 8. HP: 73/75 MP: 9/9
  3872 | D:5      | Reached skill level 7 in Maces & Flails
  3930 | D:5      | Found Zeoloamu's Antique Weapon Boutique.
  4149 | D:5      | Reached skill level 8 in Maces & Flails
  5113 | D:6      | Noticed Sigmund
  5144 | D:6      | Killed Sigmund
  5145 | D:6      | Reached skill level 9 in Maces & Flails
  5145 | D:6      | Reached XP level 9. HP: 68/84 MP: 11/11
  5618 | D:6      | Reached skill level 1 in Stealth
  5764 | D:7      | Found a flagged portal.
  5797 | Bailey   | Entered a bailey
  5911 | Bailey   | Reached skill level 10 in Maces & Flails
  5976 | Bailey   | Noticed a two-headed ogre
  5989 | Bailey   | Killed a two-headed ogre
  5990 | Bailey   | Reached XP level 10. HP: 34/94 MP: 13/13
  6023 | Bailey   | Identified the +6 swamp dragon scales "Seedeun" {Contam
                  | rElec rPois Will+ rCorr}
  6026 | Bailey   | Identified the +4 acid dragon scales of Nice Surprise
                  | {rElec rC+ rCorr Str+2}
  6034 | Bailey   | Slain by a spriggan

Illustrated notes

Levels and vault maps discovered:
D:1:      wheals_arrival_linesprint, layout_loops_corners, minivault_26
D:2:      layout_rooms, dreamdust_mushroom_princess, st_stairs_3,
          grunt_decor_cap
D:3:      layout_loops_corners, mainiacjoe_overflow_alcove_3,
          hellmonk_ecumenical_altar_lost_god, chequers_serial_rivers_room_b
D:4:      layout_cave_pools, mainiacjoe_overflow_divided_tiny, serial_forest,
          infiniplex_forest_zigzag_2, infiniplex_forest_clump_double,
          infiniplex_forest_end_2, infiniplex_forest_clump_cross,
          infiniplex_forest_end_1, infiniplex_forest_side_room,
          infiniplex_forest_zigzag_1, infiniplex_forest_clump_C, minivault_19
D:5:      layout_loops_corners, serial_shops, nicolae_shop_hallway_plus,
          minmay_between
D:6:      layout_loops_cross, uniq_sigmund
D:7:      layout_loops_ring, mainiacjoe_overflow_brackets, led_sif_book,
          minmay_temple_entry_hall, enter_bailey_5,
          hangedman_abyss_or_decor_stagger
Bailey:   bailey_polearm_enchanted_keep_hellmonk, bailey

Skill      XL: |  1  2  3  4  5  6  7  8  9 |
---------------+----------------------------+-----
Maces & Flails | 2 3 4 5 6 9 10 | 10.9
Fighting       | 3 4 |  4.7
Dodging        | 3 4 |  4.2
Spellcasting   | 1 2 3 |  3.0
Stealth        | 1 |  1.2
Shields        | |  2.8

Action                   |  1- 3 |  4- 6 |  7- 9 | 10-12 || total
-------------------------+-------+-------+-------+-------++-------
Melee: Flail             |   124 |   126 |    90 |       ||   340
       Punch             |       |     1 |     2 |       ||     3
       Giant club        |       |       |   205 |     8 ||   213
  Use: Scroll            |     8 |     6 |     5 |     1 ||    20
       Potion            |     2 |     6 |     5 |       ||    13
 Stab: Sleeping          |     2 |       |       |       ||     2
Armor: Robe              |    60 |    50 |    76 |       ||   186
Dodge: Dodged            |    62 |    60 |   238 |    10 ||   370
Block: Kite shield       |    27 |       |       |       ||    27
